 Dungeon Sprint DCSS version 0.30-a0-1016-gfb0d676c02 (webtiles) character file.

Game seed: 8761134909832403346

883 dialectric the Fighter (level 7, 0/65 HPs)
             Began as a Demonspawn Fighter on Apr 6, 2023.
             Slain by a polar bear (4 damage)
             ... in the Dungeon (Sprint II: "The Violet Keep of Menkaure").
             The game lasted 00:01:45 (409 turns).

dialectric the Fighter (Demonspawn Fighter)          Turns: 409, Time: 00:01:46

Health: 0/65       AC:  8    Str: 18    XL:     7   Next: 76%
Magic:  7/7        EV: 12    Int:  7    God:
Gold:   36         SH:  0    Dex: 13    Spells: 6/6 levels left

rFire   . . .      SeeInvis +    a - +0 long sword
rCold   . . .      Faith    .    (no shield)
rNeg    . . .      Spirit   .    b - +0 scale mail
rPois   .          Reflect  .    d - +0 mask of the Dragon {Will+ Slay+3 SInv}
rElec   .          Rampage  .    (no cloak)
rCorr   .          NoTele   +    (no gloves)
Will    +....                    (no boots) Stlth
                                 (no amulet)
HPRegen 0.30/turn                (no ring)
MPRegen 0.10/turn                (no ring)

@: very slow
A: hooves 2, spiny 1, fangs 1, dopey 1, noise suppression
a: no special abilities


You were in the Dungeon.
You visited 1 branch You collected 486 gold pieces.
You spent 450 gold pieces at shops.

Inventory:

Hand Weapons
 a - a +0 long sword (weapon)
Armour
 b - a +0 scale mail (worn)
 c - a +0 buckler
 d - the +0 mask of the Dragon (worn) {Will+ Slay+3 SInv}
   (You bought it in a shop in the Dungeon)

   Slay:      It affects your accuracy & damage with ranged weapons and melee
   (+3).
   SInv:      It lets you see invisible.
   Will:      It increases your willpower.
Scrolls
 j - a scroll of blinking
Potions
 g - a potion of haste
 h - 2 potions of magic


   Skills:
 + Level 9.7 Fighting
 * Level 8.7 Long Blades
 + Level 8.3 Armour
 + Level 6.3 Dodging
 + Level 2.6 Shields


You had 6 spell levels left.
You didn't know any spells.
Your spell library was empty.

Dungeon Overview and Level Annotations

Branches:
Dungeon (1/1)

Altars:
Cheibriados
Dithmenos
Fedhas
Gozag
Kikubaaqudgha
Makhleb
Nemelex Xobeh
Okawaru
Sif Muna
Trog
Uskayaw
Vehumet
Yredelemnul
Jiyva
Lugonu

Shops:
D =::[=(([![![[[?

Annotations:
D exclusion: oklob plant


Innate Abilities, Weirdness & Mutations

You have hoof-like feet.
You are partially covered in sharp spines.
You have very sharp teeth.
You are dopey. (Int -2)
You passively dampen the noise of your surroundings.


Message History

You open the door.
Found a basalt altar of Yredelemnul.
A polar bear comes into view.
Found 5 gold pieces.
Found three altars.
The polar bear growls angrily.
You hear an angry growl.
You hear an angry buzzing noise.
You hear a shout!
A polar bear comes into view. x2
A yaktaur comes into view.
Found 17 gold pieces, a scroll labelled GOSKUEFAWI and a book of Burglary.
The yaktaur shouts!
The polar bear growls angrily.
The polar bear bites you.
The polar bear claws you but does no damage.
The polar bear claws you.
A hornet comes into view.
The yaktaur moves out of view.
Found ten items.
The polar bear bites you.
* * * LOW HITPOINT WARNING * * *
The polar bear barely misses you.
The polar bear claws you but does no damage.
The polar bear is struck by your spines.
The polar bear bites you.
* * * LOW HITPOINT WARNING * * *
The polar bear claws you.
* * * LOW HITPOINT WARNING * * *
The polar bear claws you but does no damage.
Unknown command.
The polar bear attacks as you move away!
The polar bear bites you but does no damage.
The polar bear misses you.
The polar bear claws you but does no damage.
Found ten items.
The water moccasin hisses angrily.
The polar bear bites you.
* * * LOW HITPOINT WARNING * * *
The polar bear barely misses you. The polar bear closely misses you.
Found six items.
Found six items.
The polar bear bites you!
* * * LOW HITPOINT WARNING * * *
The polar bear claws you.
You die...

.# .#### +.###
:▓)$("[$$( ....# ...#
##▓$(!?[(:= ##..## #..#
.#▓[$$[?$() .##..# +..#
y#▓$?$)$)?! ..#..# #..#
h#▓?!(:!(!!
+..####..##.#▓!$$?[($$
.$#....###...##▓▓▓▓▓▓▓+▓
.##...§..~~~hyhh@~~~~~..
##~~.§...~#'########+###
~~~~§~~..~#....._._#S~§#
~~~~~~§~.~#...._._.#S§≈≈
~~≈≈§~~~~~#..._._._#~§§§
~§~≈≈≈≈~~~#.._._._.#~§§
#~≈§§≈≈§≈~#._._._._#~§§
#§§≈###≈≈#_._._._.#~§§


You could see 3 polar bears, a hornet and 2 water moccasins.

Vanquished Creatures
  4 neqoxecs (D)
  Menkaure (D)
  A water moccasin (D)
  4 scorpions (D)
10 creatures vanquished.

Notes
Turn   | Place    | Note
-------+----------+-------------------------------------------
     0 | D        | dialectric the Demonspawn Fighter began the quest for the
                  | Orb.
     0 | D        | Reached XP level 1. HP: 18/18 MP: 1/1
    10 | D        | Noticed a scorpion
    10 | D        | Noticed a scorpion
    17 | D        | Killed a scorpion
    18 | D        | Reached skill level 5 in Fighting
    18 | D        | Gained mutation: You have large cloven feet. [demonic
                  | ancestry]
    18 | D        | Reached XP level 2. HP: 11/27 MP: 2/2
    18 | D        | Reached XP level 3. HP: 13/33 MP: 3/3
    21 | D        | Killed a scorpion
    22 | D        | Reached skill level 6 in Fighting
    22 | D        | Reached skill level 5 in Armour
    22 | D        | Gained mutation: You have hoof-like feet. [demonic
                  | ancestry]
    22 | D        | Reached XP level 4. HP: 26/40 MP: 4/4
    23 | D        | Noticed a scorpion
    23 | D        | Noticed a scorpion
    25 | D        | Killed a scorpion
    26 | D        | Reached XP level 5. HP: 28/47 MP: 5/5
    29 | D        | Reached skill level 7 in Fighting
    29 | D        | Reached skill level 5 in Dodging
    33 | D        | Noticed a flying skull
    33 | D        | Noticed a flying skull
    33 | D        | Noticed a flying skull
    33 | D        | Noticed a flying skull
    33 | D        | Noticed a flying skull
    34 | D        | Noticed a flying skull
    34 | D        | Noticed a flying skull
    34 | D        | Noticed a flying skull
    34 | D        | Noticed a flying skull
    35 | D        | Noticed Menkaure
    36 | D        | Found Vaaly's Magic Scroll Emporium.
    39 | D        | Noticed a flying skull
    40 | D        | Killed Menkaure
    41 | D        | Reached skill level 8 in Fighting
    41 | D        | Reached skill level 5 in Long Blades
    41 | D        | Gained mutation: You are partially covered in sharp spines.
                  | [demonic ancestry]
    41 | D        | Reached XP level 6. HP: 36/56 MP: 6/6
    49 | D        | Noticed a neqoxec
    49 | D        | Noticed a neqoxec
    49 | D        | Noticed a neqoxec
    49 | D        | Noticed a neqoxec
    55 | D        | Gained mutation: You are dopey. (Int -2) [a neqoxec]
    58 | D        | Gained mutation: You passively dampen the noise of your
                  | surroundings. [a neqoxec]
    59 | D        | Killed a neqoxec
    66 | D        | Killed a neqoxec
    67 | D        | Reached skill level 9 in Fighting
    67 | D        | Reached XP level 7. HP: 40/64 MP: 7/7
    69 | D        | Gained mutation: You have very sharp teeth. [a neqoxec]
    72 | D        | Killed a neqoxec
    76 | D        | Killed a neqoxec
   100 | D        | Found Dassuox's Armour Emporium.
   100 | D        | Found Suck's Antique Armour Emporium.
   100 | D        | Found Opunle's Armour Shoppe.
   100 | D        | Found Mujieg's Armour Emporium.
   100 | D        | Found Jaocs's Distillery.
   100 | D        | Found Ewkorgheo's Distillery.
   100 | D        | Found Joffoonav's Antique Armour Shoppe.
   101 | D        | Found Oxkeekin's Antique Weapon Shoppe.
   101 | D        | Found Oppaong's Weapon Emporium.
   101 | D        | Noticed a cane toad
   101 | D        | Noticed a cane toad
   103 | D        | Found Qilumaro's Jewellery Emporium.
   103 | D        | Found Ukumni Ecudgh's Antique Armour Shoppe.
   103 | D        | Noticed an oklob plant
   104 | D        | Found Kisetiz's Book Shoppe.
   104 | D        | Found Noum's Jewellery Emporium.
   104 | D        | Found Baihes's Book Shoppe.
   104 | D        | Noticed an ice dragon
   327 | D        | Bought the +0 mask of the Dragon {Will+ Slay+3 SInv} for
                  | 400 gold pieces
   327 | D        | Found the +0 mask of the Dragon {Will+ Slay+3 SInv}
   336 | D        | Bought a potion of heal wounds for 50 gold pieces
   349 | D        | Noticed a boulder beetle
   349 | D        | Noticed a boulder beetle
   384 | D        | Noticed a flying skull
   384 | D        | Noticed a flying skull
   397 | D        | Found a snail-covered altar of Cheibriados.
   398 | D        | Found a shadowy altar of Dithmenos.
   399 | D        | Found an ancient bone altar of Kikubaaqudgha.
   399 | D        | Found a viscous altar of Jiyva.
   400 | D        | Found a blossoming altar of Fedhas.
   400 | D        | Found a corrupted altar of Lugonu.
   400 | D        | Found a shimmering blue altar of Sif Muna.
   401 | D        | Found an opulent altar of Gozag.
   401 | D        | Found a burning altar of Makhleb.
   401 | D        | Found a bloodstained altar of Trog.
   402 | D        | Found a sparkling altar of Nemelex Xobeh.
   402 | D        | Found a hide-covered altar of Uskayaw.
   403 | D        | Found a basalt altar of Yredelemnul.
   404 | D        | Found an iron altar of Okawaru.
   404 | D        | Found a radiant altar of Vehumet.
   404 | D        | Noticed a polar bear
   404 | D        | Noticed a polar bear
   404 | D        | Noticed a polar bear
   405 | D        | Noticed a yaktaur
   405 | D        | Noticed a hornet
   409 | D        | Slain by a polar bear

Illustrated notes

Levels and vault maps discovered:
D:        the_violet_keep_of_menkaure [sprint2_stairs_cluster_1,
          sprint2_shoproom, sprint2_temple, sprint2_basic_supplies,
          sprint2_obstacle_7, sprint2_obstacle_6, sprint2_obstacle_1,
          sprint2_obstacle_4, sprint2_obstacle_5, sprint2_timed_cluster_1,
          sprint2_smallroom_cluster_1, sprint2_smallroom_final_cluster_1,
          sprint2_transparent_cluster_1, sprint2_second_timed_cluster_1,
          sprint2_sniper_area_1, sprint2_heavy_combat_area_1,
          sprint2_mutation_trap_area_1, sprint2_forest_area_1,
          sprint2_light_combat_area_1, sprint2_behind_water_1,
          sprint2_near_end_vault_1]

Skill      XL: |  1  2  3  4  5  6  7 |
---------------+----------------------+-----
Fighting       | 5 6 8 9 |  9.7
Long Blades    | 2 3 4 5 7 8 |  8.7
Armour         | 4 5 6 7 8 |  8.3
Dodging        | 3 4 6 |  6.3
Shields        | |  2.6

Action                     |  1- 3 |  4- 6 |  7- 9 || total
---------------------------+-------+-------+-------++-------
  Melee: Long sword        |     9 |    23 |    39 ||    71
         Kick              |     1 |     8 |    17 ||    26
         Bite              |       |       |     3 ||     3
    Use: Potion            |     2 |     2 |     1 ||     5
 Armour: Scale mail        |     5 |     3 |    13 ||    21
  Dodge: Dodged            |     4 |     5 |    26 ||    35

Table legend: (Time is in decaauts)
 A = Elapsed time spent in this place.
 B = Non-inter-level travel time spent in this place.
 C = Inter-level travel time spent in this place.
 D = Time resting spent in this place.
 E = Time spent auto-exploring this place.
 F = Levels seen in this place.
 G = Mean time per level.
                   A        B        C        D        E       F      G
               +--------+--------+--------+--------+--------+-----+--------+
         Total |    423 |    423 |      0 |     21 |    212 |   1 |  423.0 |
       Dungeon |    423 |    423 |      0 |     21 |    212 |   1 |  423.0 |
               +--------+--------+--------+--------+--------+-----+--------+

Top non-repeatable levels by time:
       D: 423 daAuts
